 Dungeon Sprint DCSS version 0.26.1-11-gd32895ea62 (webtiles) character file.

Game seed: 11780476732362475831

13100000 Groucho the Formicid Barricade (level 27, -1/249 HPs)
             Began as a Formicid Fighter on July 5, 2021.
             Was the Champion of Makhleb.
             Killed by divine providence
             ... invoked by an accursed
              (13 damage)
             ... in the Dungeon (Sprint VIII: "Arena of Blood").
             The game lasted 00:05:59 (131 turns).

Groucho the Formicid Barricade (Formicid Fighter)    Turns: 131, Time: 00:05:59

Health: -1/249     AC: 13    Str: 23    XL:     27
Magic:  46/54      EV: 32    Int: 10    God:    Makhleb [******]
Gold:   0          SH: 19    Dex: 19    Spells: 80/80 levels left

rFire    . . .     SeeInvis +   h - +∞ Axe of Woe
rCold    . . .     Faith    .   c - +0 kite shield
rNeg     . . .     Spirit   .   b - +0 scale mail
rPois    .         Reflect  .   (helmet unavailable)
rElec    .         Harm     .   (no cloak)
rCorr    .         Rampage  .   (no gloves)
Will     ++...                  (no boots)
Stlth    ++++++++..             (no amulet)
HPRegen  0.51/turn              j - +250 ring of slaying
MPRegen  0.34/turn              (no ring)

@: no status effects
A: permanent stasis, dig shafts and tunnels, four strong arms, antennae 3
a: Dig, Renounce Religion, Minor Destruction, Lesser Servant of Makhleb, Major
Destruction, Greater Servant of Makhleb


You were in the Dungeon.
You worshipped Makhleb.
Makhleb was exalted by your worship.
You visited 1 branch

Inventory:

Hand Weapons
 a - a +0 war axe
 h - the +∞ Axe of Woe (weapon)
   (You found it in the Dungeon)
Armour
 b - a +0 scale mail (worn)
 c - a +0 kite shield (worn)
Jewellery
 i - a +30 ring of slaying
 j - a +250 ring of slaying (left hand)
Potions
 d - a potion of might
 g - 2 potions of magic


   Skills:
 O Level 27 Fighting
 O Level 27 Short Blades
 O Level 27 Long Blades
 O Level 27 Axes
 O Level 27 Maces & Flails
 O Level 27 Polearms
 O Level 27 Staves
 O Level 27 Slings
 O Level 27 Bows
 O Level 27 Crossbows
 O Level 27 Throwing
 O Level 27 Armour
 O Level 27 Dodging
 O Level 27 Stealth
 O Level 27 Shields
 O Level 27 Unarmed Combat
 O Level 27 Spellcasting
 O Level 27 Conjurations
 O Level 27 Hexes
 O Level 27 Summonings
 O Level 27 Necromancy
 O Level 27 Translocations
 O Level 27 Transmutations
 O Level 27 Fire Magic
 O Level 27 Ice Magic
 O Level 27 Air Magic
 O Level 27 Earth Magic
 O Level 27 Poison Magic
 O Level 27 Invocations
 O Level 27 Evocations


You had 80 spell levels left.
You didn't know any spells.
Your spell library was empty.

Dungeon Overview and Level Annotations

Branches:
Dungeon (1/1)

Altars:
Makhleb


Innate Abilities, Weirdness & Mutations

You cannot be hasted, slowed, berserked, paralysed or teleported.
You can dig through walls and to a lower floor.
Your four strong arms can wield two-handed weapons with a shield.
You have a pair of large antennae on your head. (SInv)


Message History

The bag of meat convulses!
The observer convulses!
Your body is wracked with pain!
* * * LOW HITPOINT WARNING * * *
You hear an angry hiss.
You hear a shout! x2; You hear an angry hiss.
You hear a shout! x2
An ogre and a wraith come into view.
You hear a shout!
The observer gazes at you. Something smites you!
* * * LOW HITPOINT WARNING * * *
You hear a shout!
The observer pulsates ominously.
You hear a shout!
The eight-headed meat hydra calls on the powers of darkness!
The eight-headed meat hydra convulses!
The observer convulses! x2
Your body is wracked with pain!
* * * LOW HITPOINT WARNING * * *
The accursed points at you and mumbles some strange words.
Something smites you!
You die...

.. O..W ....S....
#D{{ {.W# {{{ .{
#.D. ...#{{ M
..###... ..z###V.
......###...oOo.
{.....GGp)O2..O..
{ #))@)O# {
#_)<)_# #)))).#
#{.....O._......
......2M###......
...###..{
...###.. .. #...
...# . {#O......#
{ W........


You could see an accursed, 2 meat beasts, an eight-headed meat hydra, a
destroyer, 2 observers, a fleshlord, a sculptor of flesh, a large bag of meat
(inner flame), 2 dreads, 5 meat berserkers and 2 bags of meat.

Vanquished Creatures
  7 hell beasts (D)
  7 royal mummies (D)
  4 great orbs of eyes (D)
  2 wraiths (D)
  A vampire knight (D)
  26 ogres (D)
  4 two-headed ogres (D)
  4 liches (D)
  2 hydras (D)
  51 orcs (D)
  2 phantoms (D)
  6 skeletal warriors (D)
  3 sea snakes (D)
  4 large abominations (D)
  10 small abominations (D)
  5 crawling corpses (D)
138 creatures vanquished.

Vanquished Creatures (others)
  A two-headed ogre (D)
  A crawling corpse (D)
2 creatures vanquished.

Grand Total: 140 creatures vanquished

Notes
Turn   | Place    | Note
-------+----------+-------------------------------------------
     0 | D        | Found the +∞ Axe of Woe
     0 | D        | Groucho the Formicid Fighter began the quest for the Orb.
     0 | D        | Reached XP level 1. HP: 18/18 MP: 1/1
     3 | D        | Noticed a bag of meat
     4 | D        | Became a worshipper of Makhleb the Destroyer
     4 | D        | Noticed a bag of meat
     6 | D        | Noticed a bag of meat
     7 | D        | Noticed a meat berserker
     7 | D        | Noticed a bag of meat
     8 | D        | Noticed a meat berserker
     8 | D        | Noticed a bag of meat
     8 | D        | Noticed a bag of meat
     9 | D        | Noticed a bag of meat
     9 | D        | Noticed a meat berserker
    10 | D        | Killed a bag of meat
    10 | D        | Killed a meat berserker
    10 | D        | Reached * piety under Makhleb
    11 | D        | Reached skill level 15 in Dodging
    11 | D        | Reached XP level 2. HP: 48/48 MP: 2/2
    11 | D        | Reached XP level 3. HP: 54/54 MP: 3/3
    11 | D        | Reached XP level 4. HP: 62/62 MP: 4/4
    11 | D        | Reached XP level 5. HP: 68/68 MP: 5/5
    11 | D        | Reached XP level 6. HP: 75/75 MP: 6/6
    11 | D        | Reached XP level 7. HP: 82/82 MP: 7/7
    11 | D        | Reached XP level 8. HP: 89/89 MP: 8/8
    11 | D        | Reached XP level 9. HP: 95/95 MP: 9/9
    11 | D        | Reached XP level 10. HP: 102/102 MP: 10/10
    11 | D        | Reached XP level 11. HP: 109/109 MP: 11/11
    11 | D        | Reached XP level 12. HP: 116/116 MP: 12/12
    11 | D        | Reached XP level 13. HP: 122/122 MP: 13/13
    11 | D        | Reached XP level 14. HP: 130/130 MP: 14/14
    12 | D        | Killed a meat berserker
    12 | D        | Killed a bag of meat
    12 | D        | Killed a bag of meat
    12 | D        | Reached ** piety under Makhleb
    13 | D        | Reached XP level 15. HP: 146/146 MP: 15/15
    13 | D        | Reached XP level 16. HP: 153/153 MP: 16/16
    13 | D        | Killed a meat berserker
    13 | D        | Reached *** piety under Makhleb
    13 | D        | Noticed a meat berserker
    14 | D        | Reached XP level 17. HP: 167/167 MP: 17/17
    14 | D        | Reached XP level 18. HP: 175/175 MP: 18/18
    15 | D        | Noticed a meat berserker
    16 | D        | Noticed a meat berserker
    18 | D        | Killed a meat berserker
    18 | D        | Killed a meat berserker
    18 | D        | Reached **** piety under Makhleb
    19 | D        | Reached skill level 27 in Fighting
    19 | D        | Reached skill level 27 in Armour
    19 | D        | Reached skill level 27 in Shields
    19 | D        | Reached XP level 19. HP: 189/189 MP: 19/19
    19 | D        | Noticed a meat berserker
    20 | D        | Reached skill level 27 in Axes
    20 | D        | Reached skill level 27 in Dodging
    21 | D        | Killed a meat berserker
    21 | D        | Noticed a large bag of meat
    22 | D        | Reached XP level 20. HP: 197/197 MP: 19/36
    22 | D        | Noticed a meat berserker
    25 | D        | Reached ***** piety under Makhleb
    26 | D        | Killed a large bag of meat
    27 | D        | Reached XP level 21. HP: 170/204 MP: 19/44
    29 | D        | Killed a meat berserker
    30 | D        | Killed a meat berserker
    31 | D        | Reached skill level 27 in Invocations
    31 | D        | Reached XP level 22. HP: 212/212 MP: 20/51
    31 | D        | Noticed a large bag of meat
    34 | D        | Reached ****** piety under Makhleb
    34 | D        | Noticed a meat berserker
    35 | D        | Reached skill level 27 in Unarmed Combat
    35 | D        | Reached skill level 27 in Spellcasting
    36 | D        | Noticed a large bag of meat
    37 | D        | Noticed a meat berserker
    38 | D        | Reached XP level 23. HP: 219/219 MP: 22/54
    39 | D        | Reached skill level 15 in Short Blades
    39 | D        | Reached skill level 15 in Long Blades
    39 | D        | Reached skill level 15 in Maces & Flails
    39 | D        | Reached skill level 15 in Polearms
    40 | D        | Killed a large bag of meat
    41 | D        | Reached XP level 24. HP: 202/227 MP: 23/54
    45 | D        | Noticed a destroyer
    46 | D        | Reached XP level 25. HP: 234/234 MP: 24/54
    47 | D        | Reached skill level 27 in Short Blades
    47 | D        | Reached skill level 27 in Long Blades
    47 | D        | Reached skill level 27 in Maces & Flails
    47 | D        | Reached skill level 27 in Polearms
    49 | D        | Noticed an accursed
    50 | D        | Reached skill level 10 in Crossbows
    50 | D        | Reached skill level 10 in Throwing
    50 | D        | Reached XP level 26. HP: 242/242 MP: 25/54
    50 | D        | Killed a large bag of meat
    51 | D        | Noticed an accursed
    55 | D        | Reached skill level 15 in Bows
    55 | D        | Noticed an accursed
    56 | D        | Reached XP level 27. HP: 235/249 MP: 27/54
    59 | D        | Reached skill level 27 in Staves
    59 | D        | Noticed an accursed
    61 | D        | Killed an accursed
    61 | D        | Killed an accursed
    61 | D        | Noticed a meat beast
    61 | D        | Noticed a dread
    62 | D        | Reached skill level 27 in Bows
    62 | D        | Reached skill level 27 in Crossbows
    62 | D        | Reached skill level 27 in Throwing
    62 | D        | Noticed a meat beast
    63 | D        | HP: 10/249 [??? (7)]
    64 | D        | Killed a meat beast
    65 | D        | Reached skill level 27 in Slings
    65 | D        | Reached skill level 27 in Hexes
    65 | D        | Killed a meat beast
    66 | D        | Reached skill level 27 in Conjurations
    66 | D        | Reached skill level 27 in Summonings
    66 | D        | Reached skill level 27 in Necromancy
    66 | D        | Reached skill level 10 in Translocations
    66 | D        | Reached skill level 10 in Fire Magic
    66 | D        | Reached skill level 10 in Ice Magic
    66 | D        | Noticed an accursed
    67 | D        | Killed a destroyer
    67 | D        | Noticed an accursed
    68 | D        | Reached skill level 15 in Translocations
    68 | D        | Killed a dread
    68 | D        | Noticed a meat beast
    68 | D        | Noticed a dread
    68 | D        | Noticed a tyrant
    71 | D        | Killed an accursed
    72 | D        | Reached skill level 27 in Transmutations
    72 | D        | Reached skill level 27 in Fire Magic
    72 | D        | Reached skill level 27 in Ice Magic
    72 | D        | Killed a meat beast
    73 | D        | Reached skill level 27 in Translocations
    78 | D        | Killed a large bag of meat
    81 | D        | Killed an accursed
    82 | D        | Reached skill level 27 in Earth Magic
    82 | D        | Reached skill level 27 in Poison Magic
    82 | D        | Reached skill level 27 in Evocations
    82 | D        | Killed a dread
    83 | D        | Reached skill level 27 in Air Magic
    83 | D        | Reached skill level 27 in Stealth
    83 | D        | Noticed a meat beast
    88 | D        | Killed an accursed
    88 | D        | Noticed an accursed
    90 | D        | Killed a meat beast
    92 | D        | Noticed a large bag of meat
    92 | D        | Noticed a tyrant
    93 | D        | Noticed a tyrant
    97 | D        | Killed a tyrant
    98 | D        | Noticed a meat beast
   102 | D        | Killed a tyrant
   103 | D        | Killed an accursed
   104 | D        | Killed a large bag of meat
   104 | D        | Killed a tyrant
   104 | D        | Killed a meat beast
   104 | D        | Noticed a meat beast
   105 | D        | Killed an accursed
   109 | D        | Killed a meat beast
   110 | D        | Noticed a destroyer
   115 | D        | Noticed an accursed
   115 | D        | HP: 7/249 [accursed/divine providence (12)]
   119 | D        | Noticed a tyrant
   122 | D        | Noticed a tyrant
   122 | D        | Noticed a meat beast
   123 | D        | Noticed an accursed
   124 | D        | Noticed a large bag of meat
   124 | D        | Noticed a meat beast
   125 | D        | Noticed a dread
   126 | D        | Killed a meat beast
   127 | D        | Noticed a destroyer
   127 | D        | Noticed a meat beast
   128 | D        | Noticed a meat beast
   128 | D        | Noticed a dread
   129 | D        | Killed a tyrant
   129 | D        | Noticed a meat beast
   131 | D        | Noticed a fleshlord
   131 | D        | Noticed a dread
   131 | D        | HP: 12/249 [??? (9)]
   131 | D        | Killed from afar by an accursed

Illustrated notes

Levels and vault maps discovered:
D:        meatsprint

Skill      XL: |  1  2  3  4  5  6  7  8  9 10 11 12 13 14 15 16 17 18 19 20 21 22 23 24 25 26 27 |
---------------+----------------------------------------------------------------------------------+-----
Fighting       | 18 21 24 27 | 27.0
Axes           | 16 20 22 26 27 | 27.0
Armour         | 18 21 24 27 | 27.0
Dodging        | 15 18 21 25 27 | 27.0
Shields        | 19 23 26 27 | 27.0
Unarmed Combat | 12 19 25 27 | 27.0
Spellcasting   | 12 19 25 27 | 27.0
Invocations    | 14 22 27 | 27.0
Short Blades   | 11 19 26 27 | 27.0
Long Blades    | 11 19 26 27 | 27.0
Maces & Flails | 11 19 26 27 | 27.0
Polearms       | 11 19 26 27 | 27.0
Staves         | 16 23 27 | 27.0
Bows           | 9 17 27 | 27.0
Crossbows      | 10 20 27 | 27.0
Throwing       | 10 20 27 | 27.0
Slings         | 27 | 27.0
Conjurations   | 27 | 27.0
Hexes          | 27 | 27.0
Summonings     | 27 | 27.0
Necromancy     | 27 | 27.0
Translocations | 27 | 27.0
Transmutations | 27 | 27.0
Fire Magic     | 27 | 27.0
Ice Magic      | 27 | 27.0
Air Magic      | 27 | 27.0
Earth Magic    | 27 | 27.0
Poison Magic   | 27 | 27.0
Evocations     | 27 | 27.0
Stealth        | 27 | 27.0

Action                   |  1- 3 |  4- 6 |  7- 9 | 10-12 | 13-15 | 16-18 | 19-21 | 22-24 | 25-27 || total
-------------------------+-------+-------+-------+-------+-------+-------+-------+-------+-------++-------
Melee: Executioner's axe |     1 |       |       |       |     1 |     3 |     8 |     9 |    62 ||    84
  Use: Potion            |       |       |       |       |       |       |       |       |     2 ||     2
Armor: Scale mail        |       |       |       |       |       |       |       |       |     1 ||     1
Dodge: Dodged            |       |       |       |       |       |     1 |       |       |    10 ||    11
Block: Kite shield       |       |       |       |       |       |       |       |     1 |     3 ||     4
